 Dungeon Crawl Stone Soup version 0.19.1 (webtiles) character file.

10309 lorenzova the Thaumaturge (level 11, -1/54 HPs)
             Began as a Deep Elf Conjurer on Dec 12, 2016.
             Was a Priest of Vehumet.
             Hit by a large rock thrown by a cyclops (19 damage)
             ... on level 11 of the Dungeon.
             The game lasted 00:22:51 (11733 turns).

lorenzova the Thaumaturge (Deep Elf Conjurer)      Turns: 11733, Time: 00:22:52

Health: -1/54      AC:  6    Str:  5    XL:     11   Next: 34%
Magic:  20/39      EV: 12    Int: 24    God:    Vehumet [***...]
Gold:   715        SH:  0    Dex: 15    Spells: 7 memorised, 15 levels left

rFire  . . .     SeeInvis .     k - +1 dagger (venom)
rCold  + . .     Gourm    .     B - +0 leather armour {rC+}
rNeg   . . .     Faith    .     (no shield)
rPois  .         Spirit   .     j - +1 helmet
rElec  .         Reflect  .     o - +0 cloak
rCorr  +         Harm     .     (no gloves)
MR     +....                    (no boots)
Stlth  ++........               (no amulet)
                                K - ring of magical power
                                q - ring of resist corrosion

@: no status effects
A: no striking features
a: Renounce Religion


You were on level 11 of the Dungeon.
You worshipped Vehumet.
Vehumet was most pleased with you.
You were hungry.

You visited 2 branches of the dungeon, and saw 12 of its levels.

You collected 715 gold pieces.

Inventory:

Hand Weapons
 k - a +1 dagger of venom (weapon)
Armour
 a - a +0 robe
 j - a +1 helmet (worn)
 o - a +0 cloak (worn)
 B - a +0 leather armour of cold resistance (worn)
Jewellery
 q - a ring of resist corrosion (left hand)
 y - an uncursed ring of positive energy
 K - a ring of magical power (right hand)
Wands
 u - a wand of slowing (27/48)
 H - a wand of disintegration (10/24)
 L - a wand of lightning (5/15)
Scrolls
 e - 2 scrolls of magic mapping
 f - a scroll of enchant weapon
 g - a scroll of torment
 r - 6 scrolls of remove curse
 s - 2 scrolls of recharging
 t - 4 scrolls of amnesia {unknown}
 v - a scroll of enchant armour {unknown}
 A - a scroll of immolation {unknown}
 C - a scroll of brand weapon {unknown}
 I - 2 scrolls of teleportation {unknown}
 N - a scroll of fog {unknown}
Potions
 d - a potion of magic
 h - 3 potions of ambrosia
 i - a potion of heal wounds
 l - a potion of resistance
 m - 4 potions of curing
 n - 2 potions of might
 z - a potion of beneficial mutation
 E - 2 potions of brilliance
 F - a potion of flight
 M - a potion of cure mutation {unknown}
Books
 b - a book of Conjurations

   Spells                             Type                      Level
   a - Magic Dart                     Conjuration                  1
   b - Searing Ray                    Conjuration                  2
   c - Dazzling Spray                 Conjuration/Hexes            3
   d - Fulminant Prism                Conjuration/Hexes            4
   e - Iskenderun's Mystic Blast      Conjuration                  4
   f - Iskenderun's Battlesphere      Conjuration/Charms           5
 w - a book of Air

   Spells                             Type                      Level
   a - Shock                          Conjuration/Air              1
   b - Swiftness                      Charms/Air                   2
   c - Repel Missiles                 Charms/Air                   2
   d - Static Discharge               Conjuration/Air              3
   e - Lightning Bolt                 Conjuration/Air              5
 x - a book of Debilitation

   Spells                             Type                      Level
   a - Corona                         Hexes                        1
   b - Slow                           Hexes                        2
   c - Gell's Gravitas                Hexes/Translocation          3
   d - Inner Flame                    Hexes/Fire                   3
   e - Cause Fear                     Hexes                        4
   f - Leda's Liquefaction            Hexes/Earth                  4
 D - a book of Minor Magic

   Spells                             Type                      Level
   a - Magic Dart                     Conjuration                  1
   b - Blink                          Translocation                2
   c - Call Imp                       Summoning                    2
   d - Repel Missiles                 Charms/Air                   2
   e - Slow                           Hexes                        2
   f - Conjure Flame                  Conjuration/Fire             3
   g - Mephitic Cloud                 Conjuration/Poison/Air       3
Comestibles
 c - 11 bread rations
 p - 2 meat rations
 G - a slice of pizza


   Skills:
 - Level 2.4 Dodging
 - Level 2.4 Stealth
 + Level 13.3 Spellcasting
 + Level 12.3 Conjurations
 + Level 10.3 Charms
 * Level 6.7 Air Magic


You had 15 spell levels left.
You knew the following spells:

 Your Spells              Type           Power        Failure   Level  Hunger
a - Magic Dart            Conj           ####         1%          1    None
b - Iskenderun's Battles  Conj/Chrm      ######..     1%          5    ###....
c - Iskenderun's Mystic   Conj           ######..     1%          4    None
g - Swiftness             Chrm/Air       ######..     1%          2    None
h - Repel Missiles        Chrm/Air       ######       1%          2    None
l - Lightning Bolt        Conj/Air       ######....   1%          5    ###....
p - Blink                 Tloc           N/A          12%         2    None


Dungeon Overview and Level Annotations

Branches:
Dungeon (11/15)            Temple (1/1) D:5            Lair (0/6) D:9
    Orc: D:9-12

Altars:
Ashenzari
Cheibriados
Dithmenos
Elyvilon
Fedhas
Gozag
Hepliaklqana
Kikubaaqudgha
Makhleb
Nemelex Xobeh
Okawaru
Qazlal
Ru
Sif Muna
Trog
Uskayaw
Vehumet
Xom
Yredelemnul
Zin
The Shining One


Message History

Casting: Magic Dart
Confirm with . or Enter, or press ? or * to list all spells.
Aiming: Magic Dart
Press: ? - help, Shift-Dir - straight line, f/p - worker ant
Aim: a worker ant (almost dead)
The magic dart hits the worker ant.
You kill the worker ant!
Vehumet accepts your kill.
You feel your power returning.
Your battlesphere fires!
Your battlesphere expends the last of its energy and dissipates.
A cyclops comes into view.
Casting: Magic Dart
Confirm with . or Enter, or press ? or * to list all spells.
You conjure a globe of magical energy.
The cyclops throws a large rock.
The large rock hits you!!!
Ouch! That really hurt!
You see here a large rock.
The cyclops throws a large rock.
The large rock hits you!!
You die...

#.......................
#.#####†###############.
#.#.#.#...# #.
#...#.#..## #.
#.........# #.
###....#### #.
#...#.....# #.
#...#.....# #.
##..#@*.### #. ..
#(#...# #. #.# #.#.#.#
#. #§##### #. #.# #.
#....C.D# #. #a...###..#
#. ##..= ## #..##


You could see a cyclops and a friendly battlesphere.

Vanquished Creatures
  Erica (D:9)
  The ghost of Uhlv the Basher, a novice OgGl of Okawaru (D:6)
  3 hill giants (D:10)
  A cyclops (D:6)
  2 trolls
  A hornet (D:10)
  A troll (shapeshifter) (D:11)
  2 hippogriffs (D:7)
  A spriggan (D:10)
  8 yaks (D:10)
  A steam dragon (D:11)
  A water moccasin (D:6)
  An ice beast (D:10)
  An eye of draining (D:10)
  4 phantoms
  3 orc warriors
  2 sky beasts
  5 ogres
  A boggart (D:11)
  5 centaurs
  3 wolves (D:9)
  The ghost of empire the Twirler, an amateur GrGl (D:3)
  2 big kobolds (D:5)
  2 bullfrogs
  2 scorpions
  7 howler monkeys
  4 electric eels
  3 crimson imps
  2 centaur zombies
  10 hounds
  A quasit (D:6)
  A bullfrog zombie (D:6)
  A gnoll shaman (D:9)
  6 jellies
  5 orc priests
  A bullfrog skeleton (D:5)
  7 orc wizards
  A centaur skeleton (D:4)
  9 worker ants
  2 hound skeletons
  A worker ant zombie (D:10)
  Robin (D:3)
  13 adders
  11 gnolls
  A howler monkey skeleton (D:8)
  3 shadow imps
  2 adder skeletons
  An adder zombie (D:5)
  A worm (D:4)
  A dart slug (D:2)
  4 leopard geckos
  23 orcs
  5 bats
  5 giant cockroaches
  15 goblins
  7 hobgoblins
  6 jackals
  14 kobolds
  3 quokkas
  3 ball pythons
  3 frilled lizards
  A jackal skeleton (D:5)
  A quokka skeleton (D:8)
  2 quokka zombies
  6 rats
248 creatures vanquished.

Notes
Turn   | Place    | Note
-------+----------+-------------------------------------------
     0 | D:1      | lorenzova the Deep Elf Conjurer began the quest for the Orb.
     0 | D:1      | Reached XP level 1. HP: 10/10 MP: 6/6
   412 | D:1      | Reached XP level 2. HP: 15/15 MP: 3/8
   963 | D:2      | Reached skill level 4 in Spellcasting
  1284 | D:2      | Reached skill level 5 in Conjurations
  1284 | D:2      | Reached XP level 3. HP: 19/19 MP: 3/10
  1484 | D:3      | Noticed Robin
  1708 | D:2      | Reached XP level 4. HP: 19/24 MP: 4/12
  1828 | D:2      | Learned a level 4 spell: Iskenderun's Mystic Blast
  1950 | D:3      | Noticed empire's ghost (amateur GrGl)
  1996 | D:3      | Reached skill level 5 in Spellcasting
  2064 | D:3      | Killed empire's ghost
  2064 | D:3      | Reached XP level 5. HP: 21/28 MP: 0/15
  2538 | D:3      | Killed Robin
  2538 | D:3      | Reached skill level 6 in Spellcasting
  3034 | D:4      | Reached XP level 6. HP: 32/32 MP: 11/17
  3041 | D:4      | Learned a level 5 spell: Iskenderun's Battlesphere
  3245 | D:4      | Reached skill level 1 in Charms
  3462 | D:4      | Reached skill level 7 in Spellcasting
  3762 | D:4      | Reached XP level 7. HP: 24/36 MP: 7/19
  4260 | D:5      | Entered Level 5 of the Dungeon
  5114 | D:5      | Found a staircase to the Ecumenical Temple.
  5140 | D:5      | Reached skill level 8 in Spellcasting
  5227 | Temple   | Entered the Ecumenical Temple
  5467 | Temple   | Became a worshipper of Vehumet
  5666 | D:6      | Noticed Uhlv's ghost (novice OgGl)
  6007 | D:6      | Reached XP level 8. HP: 41/41 MP: 20/22
  6092 | D:6      | Noticed a cyclops
  6096 | D:6      | Killed a cyclops
  6096 | D:6      | Reached skill level 9 in Spellcasting
  6096 | D:6      | Reached skill level 5 in Charms
  6485 | D:6      | Killed Uhlv's ghost
  6485 | D:6      | Reached skill level 10 in Spellcasting
  6485 | D:6      | Reached XP level 9. HP: 45/45 MP: 1/25
  6659 | D:6      | Reached * piety under Vehumet
  6659 | D:6      | Offered knowledge of Sting by Vehumet.
  6898 | D:6      | Found a radiant altar of Vehumet.
  7023 | D:7      | Reached skill level 10 in Conjurations
  7171 | D:7      | Reached skill level 11 in Spellcasting
  8653 | D:8      | Reached skill level 12 in Spellcasting
  8808 | D:8      | Reached XP level 10. HP: 50/50 MP: 23/28
  8876 | D:8      | Reached ** piety under Vehumet
  9047 | D:8      | Learned a level 2 spell: Swiftness
  9050 | D:8      | Learned a level 2 spell: Repel Missiles
  9056 | D:8      | Learned a level 5 spell: Lightning Bolt
  9059 | D:8      | Learned a level 2 spell: Blink
  9102 | D:9      | Offered knowledge of Throw Frost by Vehumet.
  9325 | D:9      | Reached skill level 1 in Air Magic
  9700 | D:9      | Noticed Erica
  9710 | D:9      | Killed Erica
  9913 | D:9      | Found a staircase to the Lair.
 10129 | D:10     | Entered Level 10 of the Dungeon
 10197 | D:10     | Offered knowledge of Throw Flame by Vehumet.
 10511 | D:10     | Noticed a hill giant
 10511 | D:10     | Noticed a hill giant
 10517 | D:10     | Killed a hill giant
 10522 | D:10     | Killed a hill giant
 10522 | D:10     | Reached skill level 5 in Air Magic
 10904 | D:10     | Noticed a hill giant
 10907 | D:10     | Killed a hill giant
 10907 | D:10     | Reached skill level 10 in Charms
 10907 | D:10     | Reached XP level 11. HP: 54/54 MP: 24/29
 10909 | D:10     | Reached *** piety under Vehumet
 11029 | D:10     | Reached skill level 13 in Spellcasting
 11380 | D:10     | Offered knowledge of Olgreb's Toxic Radiance by Vehumet.
 11733 | D:11     | Hit by a large rock thrown by a cyclops

Skill      XL: |  1  2  3  4  5  6  7  8  9 10 11 |
---------------+----------------------------------+-----
Spellcasting   | 4 5 6 7 8 10 12 13 | 13.3
Conjurations   | 5 6 7 8 9 11 12 | 12.3
Charms         | 1 3 6 8 10 | 10.3
Air Magic      | 5 6 |  6.7
Dodging        | |  2.4
Stealth        | |  2.4

Action                   |  1- 3 |  4- 6 |  7- 9 | 10-12 || total
-------------------------+-------+-------+-------+-------++-------
Melee: Dagger            |       |     1 |     3 |     4 ||     8
 Cast: Magic Dart        |    75 |   103 |   195 |   132 ||   505
       Iskenderun's Myst |       |    11 |    31 |    29 ||    71
       Iskenderun's Batt |       |       |    25 |    31 ||    56
       Lightning Bolt    |       |       |       |     2 ||     2
  Use: Scroll            |     3 |     1 |    10 |     3 ||    17
 Stab: Sleeping          |       |       |       |     1 ||     1
  Eat: Chunk             |     1 |     8 |    12 |    11 ||    32
       Meat ration       |       |       |     1 |       ||     1
       Fruit             |       |       |     3 |       ||     3
       Beef jerky        |       |       |     1 |       ||     1
Armor: Robe              |     1 |     2 |     3 |     6 ||    12
       Leather armour    |       |       |       |     7 ||     7
Dodge: Dodged            |     8 |    10 |    11 |    22 ||    51
